 Dungeon Crawl Stone Soup version 0.19-a0-414-g76fec5b (webtiles) character file.

101788 Duffy the Brawler (level 15, -8/149 HPs)
             Began as a Troll Fighter on May 31, 2016.
             Was the Champion of Cheibriados.
             Mangled by a cyclops (25 damage)
             ... on level 14 of the Dungeon.
             The game lasted 00:44:53 (23841 turns).

Duffy the Brawler (Troll Fighter)                  Turns: 23841, Time: 00:44:54

Health: -8/149     AC: 17    Str: 46    XL:     15   Next: 84%
Magic:  14/21      EV: 19    Int: 20    God:    Cheibriados [******]
Gold:   197        SH: 17    Dex: 25    Spells: 3 memorised, 8 levels left

rFire  + + .     SeeInvis .       - Unarmed
rCold  . . .     Gourm    +     O - +2 fire dragon armour
rNeg   . . .     Faith    .     U - +2 shield {rC+}
rPois  .         Spirit   .     Q - +0 hat
rElec  .         Dismiss  .     C - +0 cloak
rCorr  .         Reflect  .     (gloves unavailable)
SustAt .         Harm     +     (boots unavailable)
MR     +....                    J - amulet of harm
Stlth  ..........               E - +1 ring of protection
                                x - +3 ring of evasion

@: studying Dodging, very slow, somewhat resistant to hostile enchantments,
extremely unstealthy
A: unfitting armour, claws 3, fast metabolism 3, gourmand, regeneration 2,
shaggy fur 1, tough skin 2
a: Bend Time, Temporal Distortion, Slouch, Step From Time, Renounce Religion


You were on level 14 of the Dungeon.
You worshipped Cheibriados.
Cheibriados was exalted by your worship.
You were completely stuffed.

You visited 4 branches of the dungeon, and saw 25 of its levels.
You also visited: Ice Cave.

You collected 2685 gold pieces.
You spent 2488 gold pieces at shops.


Innate Abilities, Weirdness & Mutations

You are too large for most types of armour.
You have claws for hands.
Your metabolism is lightning-fast.
You like to eat raw meat.
You heal very quickly.
You are covered in fur. (AC +1)
You have very tough skin. (AC +2)


   Skills:
 - Level 10.2 Fighting
 - Level 10.2 Throwing
 + Level 6.3 Armour
 + Level 8.6 Dodging
 - Level 9.0 Shields
 - Level 15.0 Unarmed Combat
 - Level 10.0 Invocations


You had 8 spell levels left.
You knew the following spells:

 Your Spells              Type           Power        Failure   Level  Hunger
a - Apportation           Tloc           #.........   34%         1    ##.....
b - Summon Butterflies    Summ           #.......     34%         1    ##.....
c - Passage of Golubria   Tloc           N/A          100%        4    #####..

Inventory:

Hand Weapons
 a - a +3 blowgun
Missiles
 k - 38 poisoned needles
 p - 17 tomahawks of returning
 w - 33 tomahawks
 F - 7 javelins
 G - 7 needles of confusion
 L - 3 throwing nets
 X - 10 large rocks (quivered)
Armour
 C - a +0 cloak (worn)
 O - a +2 fire dragon armour (worn)
 Q - a +0 hat (worn)
 U - a +2 shield of cold resistance (worn)
Jewellery
 h - an uncursed ring of ice
 t - an uncursed ring of resist corrosion
 x - a +3 ring of evasion (left claw)
 E - a +1 ring of protection (right claw)
 J - an amulet of harm (around neck)
 T - an uncursed ring of positive energy
 Z - an uncursed ring of protection from cold
Wands
 m - a wand of disintegration (12/24)
 q - a wand of paralysis (8/24)
 r - a wand of iceblast (9/15)
 z - a wand of acid (6/15)
 H - a wand of acid (14/15)
Scrolls
 b - a scroll of silence
 f - 6 scrolls of remove curse
 i - a scroll of vulnerability
 u - 2 scrolls of fog
 y - 4 scrolls of teleportation
 A - 4 scrolls of blinking
 D - 3 scrolls of recharging
 N - 3 scrolls of immolation
 P - 4 scrolls of fear
 R - 2 scrolls of summoning
 V - 2 scrolls of magic mapping
Potions
 c - 5 potions of might
 e - 9 potions of curing
 o - 2 potions of magic
 s - 3 potions of cancellation
 B - a potion of heal wounds
 K - 3 potions of agility
Books
 W - a manual of Dodging
Miscellaneous
 j - a lamp of fire
 S - a phial of floods
Comestibles
 d - 16 bread rations
 g - 27 fruits
 l - 6 beef jerkies
 n - 12 meat rations
 M - 12 royal jellies

Dungeon Overview and Level Annotations

Branches:
Dungeon (14/15)            Temple (1/1) D:4            Lair (8/8) D:8
 Shoals (0/4) Lair:5       Spider (0/4) Lair:6        Slime (0/6) Lair:8
    Orc (2/2) D:9             Elf (0/3) Orc:2
 Vaults: D:13-14

Altars:
Ashenzari
Cheibriados
Dithmenos
Elyvilon
Fedhas
Gozag
Hepliaklqana
Kikubaaqudgha
Makhleb
Nemelex Xobeh
Okawaru
Pakellas
Qazlal
Ru
Sif Muna
Trog
Uskayaw
Vehumet
Xom
Yredelemnul
Zin
The Shining One
Beogh
Jiyva

Shops:
D:8 *   D:11 ?   D:12 [   D:13 }   Orc:1 }   Orc:2 [:[(*

Portals:
Trove: D:14 (give +5 fire dragon armour)

Annotations:
Lair:3 exclusion: 3 oklob plants
Lair:4 exclusion: 2 upstairs


Message History

You closely miss the centaur warrior.
The centaur warrior completely misses you.
You mangle the centaur warrior!!
The centaur warrior is severely wounded.
You hear a shout! x4
The centaur warrior closely misses you.
You eviscerate the centaur warrior!!!
You kill the centaur warrior!
Cheibriados thoroughly appreciates the change of pace.
The yaktaur wields an arbalest.
The yaktaur shoots a bolt.
The bolt hits you!!
You scratch the ogre but do no damage. You barely miss the ogre.
The ogre closely misses you.
The yaktaur shoots a bolt.
You block the bolt.
You eviscerate the ogre!!!
You kill the ogre!
Cheibriados thoroughly appreciates the change of pace.
A yaktaur comes into view.
The yaktaur shouts!
The yaktaur unwields an uncursed arbalest.
You block the yaktaur's attack.
The yaktaur wields an arbalest.
The yaktaur shoots a bolt.
The bolt hits you!!
The cyclops throws a large rock.
The large rock hits you! You block the yaktaur's attack.
Things that are here:
a large rock; a bolt; 3 arrows You scratch the yaktaur.
The yaktaur is lightly wounded.
The yaktaur shoots a bolt.
The bolt hits you! You block the yaktaur's attack.
The cyclops throws a large rock.
The large rock hits you!
You hear a shout!
You are too injured to fight recklessly!
You are too injured to fight recklessly!
Use which ability? (? or * to list)
You warp the flow of time around you!
You feel somewhat less full.
The yaktaur wields an uncursed arbalest.
The yaktaur shoots a bolt.
You block the bolt.
The yaktaur unwields an uncursed arbalest.
The yaktaur barely misses you.
The cyclops throws a large rock.
You block the large rock.
Items here: ((( ) a large rock; 2 bolts; a giant spiked club; 4 arrows You feel much better.
You block the yaktaur's attack.
The yaktaur shoots a bolt.
You block the bolt.
The cyclops throws a large rock.
The large rock hits you!!
Use which ability? (? or * to list)
You warp the flow of time around you!
You feel quite a bit less full.
Items here: ( ))) a shortbow; 22 arrows; a giant club x2
You block the cyclops's attack.
You barely miss the cyclops. The cyclops hits you!!
You die...

######### #.......#
###########.#####.#####
#
#..)..[..(#............
#
#.######..()##........
# #.#
#....#.cC@........ #
##.###.##.(.(##)##.###
###...## #.(..)(()...#
##.....#.#(###.)######
.........#(# ##).#
##.....##### #(.#
###...## #..# ####.##
#c.# ....... #..#


You could see a cyclops and a yaktaur.

Action                   |  1- 3 |  4- 6 |  7- 9 | 10-12 | 13-15 || total
-------------------------+-------+-------+-------+-------+-------++-------
Melee: Unarmed           |   103 |   115 |   327 |   591 |  1192 ||  2328
Throw: Tomahawk          |       |       |       |     4 |       ||     4
       Large rock        |       |       |       |     1 |    37 ||    38
Invok: Slouch            |       |       |       |     7 |     8 ||    15
       Temporal Distorti |       |       |       |     1 |     3 ||     4
Evoke: Wand              |       |       |       |     1 |     1 ||     2
  Use: Scroll            |       |     4 |     5 |     6 |    23 ||    38
       Potion            |       |       |       |     2 |     4 ||     6
 Stab: Sleeping          |     2 |       |     5 |     4 |       ||    11
       Distracted        |       |       |     2 |     1 |     1 ||     4
  Eat: Chunk             |    17 |    16 |    20 |    29 |    93 ||   175
Armor: Robe              |    40 |    27 |    39 |    63 |       ||   169
       Fire dragon armou |       |       |       |       |   294 ||   294
       Skin              |       |       |       |       |     1 ||     1
Dodge: Dodged            |    31 |    29 |   115 |   223 |   540 ||   938
Block: Shield            |    52 |    51 |   187 |   365 |   881 ||  1536

Notes
Turn   | Place    | Note
--------------------------------------------------------------
     0 | D:1      | Duffy the Troll Fighter began the quest for the Orb.
     0 | D:1      | Reached XP level 1. HP: 22/22 MP: 0/0
   167 | D:1      | Reached XP level 2. HP: 29/29 MP: 1/1
   717 | D:2      | Reached skill level 3 in Unarmed Combat
   723 | D:2      | Reached XP level 3. HP: 35/36 MP: 2/2
  1133 | D:2      | Reached skill level 3 in Shields
  1217 | D:3      | Reached XP level 4. HP: 43/44 MP: 3/3
  1741 | D:4      | Found a staircase to the Ecumenical Temple.
  1745 | D:4      | Reached skill level 4 in Unarmed Combat
  1745 | D:4      | Reached XP level 5. HP: 50/50 MP: 4/4
  1752 | Temple   | Entered the Ecumenical Temple
  1808 | Temple   | Became a worshipper of Cheibriados the Contemplative
  2121 | D:4      | Found a basalt altar of Yredelemnul.
  2157 | D:4      | Noticed Robin
  2183 | D:4      | Killed Robin
  2183 | D:4      | Reached skill level 4 in Shields
  2360 | D:4      | Reached * piety under Cheibriados
  2494 | D:4      | Noticed Crazy Yiuf
  2502 | D:4      | Killed Crazy Yiuf
  2502 | D:4      | Reached XP level 6. HP: 48/59 MP: 5/5
  2785 | D:5      | Entered Level 5 of the Dungeon
  2927 | D:5      | Reached skill level 5 in Unarmed Combat
  3108 | D:5      | Found a stormy altar of Qazlal.
  3125 | D:5      | Found a blossoming altar of Fedhas.
  3133 | D:5      | Reached skill level 5 in Shields
  3294 | D:5      | Noticed Menkaure
  3298 | D:5      | Killed Menkaure
  3298 | D:5      | Reached XP level 7. HP: 47/66 MP: 6/6
  3437 | D:6      | Noticed Prince Ribbit
  3555 | D:6      | Reached skill level 6 in Unarmed Combat
  3606 | D:6      | Reached ** piety under Cheibriados
  3685 | D:6      | Killed Prince Ribbit
  3685 | D:6      | Reached skill level 6 in Shields
  3685 | D:6      | Reached XP level 8. HP: 36/74 MP: 7/7
  4230 | D:6      | Reached skill level 7 in Unarmed Combat
  4444 | D:7      | Reached *** piety under Cheibriados
  4576 | D:7      | Found a shattered altar of Ashenzari.
  4621 | D:7      | Reached skill level 7 in Shields
  4621 | D:7      | Reached skill level 8 in Unarmed Combat
  4863 | D:7      | Reached XP level 9. HP: 80/80 MP: 8/8
  5165 | D:8      | Found Dein's General Store.
  5198 | D:7      | Noticed a hill giant
  5202 | D:7      | Killed a hill giant
  5202 | D:7      | Reached skill level 8 in Shields
  5202 | D:7      | Reached skill level 9 in Unarmed Combat
  5229 | D:8      | Reached **** piety under Cheibriados
  5295 | D:8      | Found a staircase to the Lair.
  5652 | D:8      | Reached skill level 10 in Unarmed Combat
  5966 | D:8      | Reached skill level 9 in Shields
  6026 | D:8      | Reached ***** piety under Cheibriados
  6066 | D:7      | Reached skill level 1 in Invocations
  6066 | D:7      | Reached XP level 10. HP: 85/88 MP: 9/9
  6195 | D:9      | Reached skill level 3 in Fighting
  6309 | D:9      | Reached skill level 2 in Invocations
  6429 | D:9      | Reached skill level 3 in Invocations
  6432 | D:9      | Reached skill level 4 in Fighting
  6445 | D:9      | Found a staircase to the Orcish Mines.
  6482 | D:9      | Found a shadowy altar of Dithmenos.
  6483 | D:9      | Found a glowing silver altar of Zin.
  6721 | D:9      | Reached skill level 4 in Invocations
  6780 | D:10     | Entered Level 10 of the Dungeon
  6948 | D:10     | Reached ****** piety under Cheibriados
  6948 | D:10     | Reached skill level 5 in Fighting
  7125 | D:10     | Noticed a hill giant
  7134 | D:10     | Killed a hill giant
  7134 | D:10     | Reached skill level 5 in Invocations
  7466 | D:10     | Reached skill level 3 in Dodging
  7719 | D:10     | Noticed a six-headed hydra
  7874 | D:11     | Noticed Harold
  7875 | D:11     | Reached XP level 11. HP: 104/104 MP: 14/14
  7887 | D:11     | Killed Harold
  7887 | D:11     | Reached skill level 6 in Invocations
  8166 | D:11     | Killed an unseen horror
  8166 | D:11     | Reached skill level 1 in Throwing
  8265 | D:11     | Identified the Grimoire of the Wheelwright (You found it on level 11 of the Dungeon)
  8277 | D:11     | Reached skill level 2 in Throwing
  8277 | D:11     | Reached skill level 7 in Invocations
  8604 | D:11     | You fall through a shaft for 3 floors!
  8604 | D:14     | Noticed a red ugly thing
  8604 | D:14     | Noticed a red ugly thing
  8604 | D:14     | Noticed a red ugly thing
  8604 | D:14     | Noticed a red ugly thing
  8604 | D:14     | Noticed a red ugly thing
  8606 | D:14     | Noticed a red ugly thing
  8611 | D:14     | Killed a red ugly thing
  8611 | D:14     | Reached skill level 3 in Throwing
  8611 | D:14     | Killed a red ugly thing
  8611 | D:14     | Killed a red ugly thing
  8611 | D:14     | Killed a cyan ugly thing
  8611 | D:14     | Reached skill level 4 in Throwing
  8614 | D:14     | Killed a red ugly thing
  8614 | D:14     | Reached skill level 8 in Invocations
  8629 | D:14     | Killed a red ugly thing
  8777 | D:14     | Noticed a rakshasa
  8785 | D:14     | Killed a rakshasa
  8785 | D:14     | Reached skill level 5 in Throwing
  8803 | D:14     | Noticed Josephine
  8819 | D:14     | Killed Josephine
  8944 | D:14     | Found a portal to a secret trove of treasure.
  9023 | D:14     | Noticed Agnes
  9026 | D:14     | Killed Agnes
  9026 | D:14     | Reached skill level 6 in Throwing
  9026 | D:14     | Reached skill level 9 in Invocations
  9026 | D:14     | Reached XP level 12. HP: 86/111 MP: 11/17
  9069 | D:14     | Noticed a centaur warrior
  9201 | D:14     | Noticed a death knight
  9206 | D:14     | Noticed a five-headed hydra
  9207 | D:14     | Noticed a death knight
  9548 | D:13     | Reached skill level 4 in Dodging
  9562 | D:13     | Found a frozen archway.
  9572 | D:13     | Reached skill level 6 in Fighting
  9576 | IceCv    | Entered an ice cave
 10107 | IceCv    | Reached skill level 5 in Dodging
 10292 | IceCv    | Reached skill level 7 in Fighting
 10365 | IceCv    | Noticed a death yak
 10405 | IceCv    | Killed a death yak
 10430 | IceCv    | Reached skill level 11 in Unarmed Combat
 10611 | IceCv    | Noticed a death yak
 10611 | IceCv    | Noticed a frost giant
 10625 | IceCv    | Killed a death yak
 10643 | IceCv    | Reached XP level 13. HP: 38/124 MP: 19/19
 10779 | IceCv    | Killed a frost giant
 10851 | IceCv    | Identified Juciehom's Catalogue of Calling and Malediction
 11046 | D:12     | Reached skill level 12 in Unarmed Combat
 11169 | D:12     | Found Xown's Armour Boutique.
 11226 | D:12     | Reached skill level 7 in Throwing
 11526 | D:12     | Reached skill level 6 in Dodging
 11957 | D:12     | Reached skill level 8 in Throwing
 12260 | D:11     | Found Kojaet's Magic Scroll Shoppe.
 12263 | D:11     | Bought a scroll of magic mapping for 42 gold pieces
 12263 | D:11     | Bought a scroll of identify for 24 gold pieces
 12263 | D:11     | Bought a scroll of blinking for 90 gold pieces
 12429 | D:13     | Found Burr's Gadget Boutique.
 12429 | D:13     | Noticed Urug
 12446 | D:13     | Killed Urug
 12446 | D:13     | Reached skill level 7 in Dodging
 13049 | Lair:1   | Entered Level 1 of the Lair of Beasts
 13733 | Lair:1   | Reached skill level 10 in Invocations
 14194 | Lair:2   | Reached skill level 1 in Armour
 14749 | Lair:2   | Reached skill level 2 in Armour
 15240 | Lair:3   | Reached XP level 14. HP: 133/133 MP: 20/20
 15585 | Lair:3   | Reached skill level 3 in Armour
 15669 | Lair:3   | Learned a level 1 spell: Apportation
 15671 | Lair:3   | Learned a level 1 spell: Summon Butterflies
 15843 | Lair:3   | Learned a level 4 spell: Passage of Golubria
 16163 | Lair:4   | Found a shattered altar of Ashenzari.
 16261 | Lair:4   | Reached skill level 13 in Unarmed Combat
 16878 | Lair:5   | Reached skill level 4 in Armour
 17202 | Lair:5   | Reached skill level 5 in Armour
 17416 | Lair:5   | Found a staircase to the Shoals.
 17930 | Lair:6   | Found a hole to the Spider Nest.
 18285 | Lair:6   | Reached skill level 14 in Unarmed Combat
 18288 | Lair:6   | Reached skill level 8 in Fighting
 19094 | Lair:8   | Entered Level 8 of the Lair of Beasts
 19115 | Lair:8   | Reached skill level 9 in Throwing
 19337 | Lair:8   | Found a viscous altar of Jiyva.
 19337 | Lair:8   | Found a staircase to the Slime Pits.
 19631 | Lair:8   | Reached skill level 10 in Throwing
 19688 | Lair:8   | Reached XP level 15. HP: 122/143 MP: 21/21
 19825 | Lair:8   | Reached skill level 9 in Fighting
 20109 | Lair:8   | Found a shattered altar of Ashenzari.
 20588 | Orc:1    | Entered Level 1 of the Orcish Mines
 20611 | Orc:1    | Found a roughly hewn altar of Beogh.
 20757 | Orc:1    | You fall through a shaft!
 20757 | Orc:2    | Entered Level 2 of the Orcish Mines
 20780 | Orc:2    | Reached skill level 10 in Fighting
 20911 | Orc:2    | Paralysed by an orc sorcerer for 4 turns
 20920 | Orc:2    | Found a staircase to the Elven Halls.
 20923 | Orc:2    | Found Vuablil's Antique Armour Emporium.
 21146 | Orc:1    | Found Cexaf's Gadget Shop.
 21168 | Orc:1    | Found a radiant altar of Vehumet.
 21411 | Orc:1    | Noticed an orc warlord
 21419 | Orc:1    | Killed an orc warlord
 21772 | Orc:2    | Noticed an orc warlord
 21787 | Orc:2    | Found a roughly hewn altar of Beogh.
 21788 | Orc:2    | Noticed Nergalle
 21798 | Orc:2    | Killed an orc warlord
 21974 | Orc:2    | Killed Nergalle
 22054 | Orc:2    | Reached skill level 15 in Unarmed Combat
 22057 | Orc:2    | Found Onum's Book Emporium.
 22060 | Orc:2    | Found Makochiz's Antique Weapon Emporium.
 22115 | Orc:2    | Found Ediem's General Store.
 22132 | Orc:2    | Found Maorghil's Antique Armour Emporium.
 22560 | Orc:2    | Bought a shiny shield for 157 gold pieces
 22677 | Orc:2    | Bought a hat for 96 gold pieces
 22698 | Orc:2    | Bought a potion of might for 56 gold pieces
 22698 | Orc:2    | Bought a scroll of identify for 28 gold pieces
 22714 | Orc:2    | Bought a manual of Dodging for 1656 gold pieces
 23002 | D:11     | Bought a scroll of enchant armour for 90 gold pieces
 23002 | D:11     | Bought a scroll of silence for 90 gold pieces
 23002 | D:11     | Bought a scroll of recharging for 114 gold pieces
 23135 | D:8      | Bought a scroll of fear for 45 gold pieces
 23623 | D:14     | Reached skill level 8 in Dodging
 23692 | D:14     | Reached skill level 6 in Armour
 23841 | D:14     | Mangled by a cyclops

Skill      XL: |  1  2  3  4  5  6  7  8  9 10 11 12 13 14 15 |
---------------+----------------------------------------------+-----
Unarmed Combat | 3 4 5 6 8 10 11 12 14 15 | 15.0
Shields        | 3 4 5 6 7 9 |  9.0
Invocations    | 1 5 9 10 | 10.0
Fighting       | 5 7 8 10 | 10.2
Dodging        | 3 5 7 8 |  8.6
Throwing       | 6 8 10 | 10.2
Armour         | 2 5 6 |  6.3

Vault maps used:
D:1:      scummos_arrival_hexagon
D:2:      first_bread
D:4:      yredelemnul_altar_generic, minmay_temple_entry_large_hall,
          serial_forest, infiniplex_forest_end_double,
          infiniplex_forest_side_room, infiniplex_forest_lined_room_2,
          infiniplex_forest_lined_2, infiniplex_forest_straight_2,
          uniq_crazy_yiuf_cottage, uniq_robin
D:5:      fedhas_altar_fruit_tree, basic_altar, uniq_menkaure
D:6:      uniq_prince_ribbit1
D:7:      cheibrodos_ashenzari_chains
D:8:      lair_0_dummy, serial_shops, nicolae_shop_trees,
          hangedman_little_slice_of_home, kennysheep_boxes
D:9:      gammafunk_temple_overflow_wave, kennysheep_orc_monster_closet_entryway
D:11:     serial_shops, kennysheep_mini_moat, uniq_harold
D:12:     serial_shops, nicolae_shop_temple_entry_statues_fountains, kb_rosetta
D:13:     serial_shops, shop, portal_ice_cave_entry_pillars_2, uniq_urug
D:14:     hangedman_vaults_entry_quadrant_bands, nicolae_trove_entry_crystal,
          corexii_corridor_pit, uniq_josephine, uniq_agnes
Temple:   kilobyte_greek_temple_18
Lair:1:   grunt_megastairs_1
Lair:2:   st_stairs_3, eino_small_chamber_without_monster
Lair:3:   dpeg_oklob_gauntlet, grunt_megastairs_2
Lair:4:   basic_altar, guppyfry_lair_drakes, lemuel_fruit_fields
Lair:5:   elwin_shoals_entry_rooms
Lair:6:   spider_nest_entry_a
Lair:7:   uniq_kirke
Lair:8:   hangedman_lair_in_review, dpeg_slime_entry_enclosed_altar,
          basic_altar, pond
Orc:1:    nicolae_orc_accident_2, serial_shops, shop_fountains, basic_altar
Orc:2:    grunt_orc_cross, serial_shops, nicolae_shop_statue_plus,
          mines_bat_river
IceCv:    ice_cave_caverns_02

Vanquished Creatures
  Agnes
  A frost giant
  2 orc warlords
  An ettin Josephine Harold
  A rakshasa
  2 centaur warriors
  2 death knights
  A catoblepas
  10 hydras
  3 orc high priests
  11 death yaks Urug Nergalle
  2 skeletal warriors
  An unseen horror
  6 hill giants
  3 phantasmal warriors
  4 orc knights
  3 manticores
  2 orc sorcerers
  A griffon
  8 ugly things
  3 cyclopes
  2 centaur zombies
  A siren
  9 elephants
  5 black mambas
  An ice statue
  A freezing wraith
  18 komodo dragons
  A torpor snail
  19 spiny frogs
  A torpor snail (shapeshifter)
  6 rime drakes
  5 trolls
  A merfolk
  A two-headed ogre
  12 polar bears
  3 slime creatures Prince Ribbit
  7 blink frogs
  2 boulder beetles
  6 wraiths
  3 wyverns
  64 yaks
  6 basilisks
  2 fire bats
  A steam dragon
  4 hungry ghosts
  A hog
  6 vampire mosquitoes
  14 hippogriffs Menkaure
  A mottled dragon
  4 wargs
  16 water moccasins
  39 orc warriors
  9 porcupines
  4 swamp drakes
  A sky beast
  3 ice beasts
  17 ogres
  2 black bears
  10 centaurs
  2 necrophages
  A phantom
  16 crocodiles
  24 wolves
  6 big kobolds
  16 giant frogs
  8 scorpions
  A water moccasin skeleton
  8 killer bees
  9 wights
  3 howler monkeys
  An electric eel
  7 crimson imps
  3 lava snakes
  6 hounds
  2 giant frog zombies Crazy Yiuf
  21 orc priests
  7 centaur skeletons
  8 jellies
  A giant frog skeleton
  A gnoll shaman
  13 iguanas
  26 orc wizards
  6 worker ants
  9 sheep
  A hound skeleton Robin
  A worker ant zombie
  8 adders
  13 gnolls
  44 river rats
  5 shadow imps
  6 oozes
  An adder zombie
  2 adder skeletons
  2 worms
  3 dart slugs
  8 giant geckos
  84 orcs
  7 giant cockroaches
  7 hobgoblins
  16 jackals
  2 quokkas
  11 bats
  2 giant gecko skeletons
  A giant gecko zombie
  5 giant newts
  14 goblins
  A jackal zombie
  7 kobolds
  2 quokka skeletons
  6 rats
  A bush
  18 fungi
  17 plants
884 creatures vanquished.
